TOP OF THE 1ST |
Memphis Blues batting - Pitching for New Hampshire Fisher Cats : RHP Ramón Pérez
|
Pitching: RHP Ramón Pérez
|
|
Batting: RHB Jorge Fuentes
|
0-0: Ball 1-0: Swinging Strike 1-1: Called Strike 1-2: Foul Ball, location: 2F 1-2: Foul Ball, location: 2F 1-2: Foul Ball, location: 2F 1-2: Strikes out swinging
|
Batting: LHB Kieran Farris
|
0-0: Ball 1-0: Ball 2-0: Called Strike 2-1: Ball 3-1: Called Strike 3-2: Foul Ball, location: 2F 3-2: Base on Balls
|
Batting: LHB Félix García
|
0-0: Called Strike 0-1: Called Strike 0-2: Strikes out looking
|
Batting: RHB Cal Keys
|
0-0: Ball 1-0: Ball 2-0: Foul Ball, location: 2F 2-1: Swinging Strike 2-2: Strikes out swinging
|
Top of the 1st over - 0 run(s), 0 hit(s), 0 error(s), 1 left on base; Memphis 0 - New Hampshire 0 |
BOTTOM OF THE 1ST |
New Hampshire Fisher Cats batting - Pitching for Memphis Blues : RHP Paul Lewis
|
Pitching: RHP Paul Lewis
|
|
Batting: RHB Lu-fang Huie
|
0-0: Foul Ball, location: 2F 0-1: Swinging Strike 0-2: Fly out, F8 (Flyball, 78XD)
|
Batting: RHB Matt Silver
|
0-0: Ground out 6-3 (Groundball, 6)
|
Batting: LHB Sam Barnes
|
0-0: Fly out, F7 (Flyball, 7M)
|
Bottom of the 1st over - 0 run(s), 0 hit(s), 0 error(s), 0 left on base; Memphis 0 - New Hampshire 0 |
TOP OF THE 2ND |
Memphis Blues batting - Pitching for New Hampshire Fisher Cats : RHP Ramón Pérez
|
Batting: RHB John Phillips
|
0-0: Ball 1-0: Ground out 5-3 (Groundball, 5)
|
Batting: RHB Dale Taylor
|
0-0: Ball 1-0: Foul Ball, location: 2F 1-1: Ball 2-1: Foul Ball, location: 2F 2-2: Ball 3-2: Strikes out looking
|
Batting: RHB Dave Wookey
|
0-0: Ball 1-0: Ball 2-0: Called Strike 2-1: Foul Ball, location: 2F 2-2: Ball 3-2: Strikes out looking
|
Top of the 2nd over - 0 run(s), 0 hit(s), 0 error(s), 0 left on base; Memphis 0 - New Hampshire 0 |
BOTTOM OF THE 2ND |
New Hampshire Fisher Cats batting - Pitching for Memphis Blues : RHP Paul Lewis
|
Batting: RHB Roberto Peña
|
0-0: Swinging Strike 0-1: Ball 1-1: Ball 2-1: Ball 3-1: Fly out, F7 (Flyball, 7D)
|
Batting: RHB Phil Matthews
|
0-0: Called Strike 0-1: Ground out 1-3 (Groundball, 13)
|
Batting: RHB Keith Ford
|
0-0: Called Strike 0-1: Fly out, F3 (Popup, 3F)
|
Bottom of the 2nd over - 0 run(s), 0 hit(s), 0 error(s), 0 left on base; Memphis 0 - New Hampshire 0 |
TOP OF THE 3RD |
Memphis Blues batting - Pitching for New Hampshire Fisher Cats : RHP Ramón Pérez
|
Batting: LHB Arturo Rivera
|
0-0: Ground out 3-1 (Groundball, 3L)
|
Batting: RHB Dale O'Feennaghty
|
0-0: Swinging Strike 0-1: Ball 1-1: SINGLE (Groundball, 4MD)
|
Batting: RHB Jorge Fuentes
|
0-0: Foul Ball, location: 2F 0-1: Called Strike 0-2: Ball 1-2: Ball 2-2: Foul Ball, location: 2F 2-2: SINGLE (Line Drive, 9S) Dale O'Feennaghty to second
|
Batting: LHB Kieran Farris
|
0-0: Ball 1-0: Called Strike 1-1: Called Strike 1-2: Grounds into double play, 5-4-3 (Groundball, 56)
|
Top of the 3rd over - 0 run(s), 2 hit(s), 0 error(s), 1 left on base; Memphis 0 - New Hampshire 0 |
BOTTOM OF THE 3RD |
New Hampshire Fisher Cats batting - Pitching for Memphis Blues : RHP Paul Lewis
|
Batting: RHB Sadao Kimura
|
0-0: Ball 1-0: Called Strike 1-1: Ball 2-1: Called Strike 2-2: Fly out, F8 (Flyball, 8LM)
|
Batting: RHB Júlio Trinidad
|
0-0: Ball 1-0: Swinging Strike 1-1: Foul Ball, location: 2F 1-2: Ball 2-2: Ball 3-2: Strikes out swinging
|
Batting: RHB Tony Reyes
|
0-0: Called Strike 0-1: Fly out, F6 (Popup, 5)
|
Bottom of the 3rd over - 0 run(s), 0 hit(s), 0 error(s), 0 left on base; Memphis 0 - New Hampshire 0 |
TOP OF THE 4TH |
Memphis Blues batting - Pitching for New Hampshire Fisher Cats : RHP Ramón Pérez
|
Batting: LHB Félix García
|
0-0: Ball 1-0: Ball 2-0: Ball 3-0: Foul Ball, location: 2F 3-1: Called Strike 3-2: Base on Balls
|
Batting: RHB Cal Keys
|
0-0: Ball 1-0: Ball 2-0: Foul Ball, location: 2F 2-1: Swinging Strike 2-2: Strikes out swinging Félix García steals 2nd base Batter strikes out.
|
Batting: RHB John Phillips
|
0-0: Swinging Strike 0-1: Called Strike 0-2: Ball 1-2: Ball 2-2: Strikes out swinging
|
Batting: RHB Dale Taylor
|
0-0: Ball 1-0: Called Strike 1-1: Fly out, F8 (Flyball, 8LS)
|
Top of the 4th over - 0 run(s), 0 hit(s), 0 error(s), 1 left on base; Memphis 0 - New Hampshire 0 |
BOTTOM OF THE 4TH |
New Hampshire Fisher Cats batting - Pitching for Memphis Blues : RHP Paul Lewis
|
Batting: RHB Lu-fang Huie
|
0-0: Ball 1-0: Foul Ball, location: 2F 1-1: Ball 2-1: Fly out, F4 (Line Drive, 4)
|
Batting: RHB Matt Silver
|
0-0: Called Strike 0-1: Reached on error, E5 (Groundball, 5S)
|
Batting: LHB Sam Barnes
|
0-0: Ball 1-0: Called Strike Pickoff Throw to First - Error! E1 Matt Silver to second 1-1: Foul Ball, location: 2F 1-2: Fly out, F9 (Flyball, 9M)
|
Batting: RHB Roberto Peña
|
0-0: SINGLE (Line Drive, 7S) Matt Silver to third
|
Batting: RHB Phil Matthews
|
0-0: Ball 1-0: Ball 2-0: Ball 3-0: Base on Balls Roberto Peña to second
|
Batting: RHB Keith Ford
|
0-0: Ball 1-0: Foul Ball, location: 2F 1-1: Foul Ball, location: 2F 1-2: Strikes out swinging
|
Bottom of the 4th over - 0 run(s), 1 hit(s), 2 error(s), 3 left on base; Memphis 0 - New Hampshire 0 |
TOP OF THE 5TH |
Memphis Blues batting - Pitching for New Hampshire Fisher Cats : RHP Ramón Pérez
|
Batting: RHB Dave Wookey
|
0-0: Ball 1-0: Called Strike 1-1: Foul Ball, location: 2F 1-2: Ball 2-2: DOUBLE (Popup, 9LS)
|
Batting: LHB Arturo Rivera
|
0-0: Intentional Walk
|
Batting: RHB Dale O'Feennaghty
|
0-0: Foul Ball, location: 2F 0-1: SINGLE (Line Drive, 9S) Dave Wookey to third Arturo Rivera to second Runner from 3rd tries for Home, SAFE, no throw or cutoff
|
Batting: RHB Jorge Fuentes
|
0-0: Called Strike 0-1: Fielders Choice at 2nd, 1-4 (Groundball, 13S) Arturo Rivera to third
|
Batting: LHB Kieran Farris
|
0-0: Ball 1-0: Ball 2-0: Called Strike 2-1: Foul Ball, location: 2F 2-2: Ball Jorge Fuentes steals 2nd base 3-2: Foul Ball, location: 2F 3-2: Base on Balls
|
Batting: LHB Félix García
|
0-0: Called Strike 0-1: Foul Ball, location: 2F 0-2: Strikes out looking
|
Pitching: RHP Grady Connolly
|
|
Batting: RHB Cal Keys
|
0-0: Ball 1-0: Called Strike 1-1: Ground out 3-1 (Groundball, 34)
|
Top of the 5th over - 1 run(s), 2 hit(s), 0 error(s), 3 left on base; Memphis 1 - New Hampshire 0 |
BOTTOM OF THE 5TH |
New Hampshire Fisher Cats batting - Pitching for Memphis Blues : RHP Paul Lewis
|
Batting: RHB Sadao Kimura
|
0-0: Ball 1-0: Fly out, F3 (Popup, 3SF)
|
Batting: RHB Júlio Trinidad
|
0-0: Ball 1-0: Fly out, F8 (Flyball, 8LD)
|
Batting: RHB Tony Reyes
|
0-0: Swinging Strike 0-1: Ball 1-1: Fly out, F7 (Flyball, 7M)
|
Bottom of the 5th over - 0 run(s), 0 hit(s), 0 error(s), 0 left on base; Memphis 1 - New Hampshire 0 |
TOP OF THE 6TH |
Memphis Blues batting - Pitching for New Hampshire Fisher Cats : RHP Grady Connolly
|
Batting: RHB John Phillips
|
0-0: Swinging Strike 0-1: Fly out, F8 (Popup, 8RS)
|
Batting: RHB Dale Taylor
|
0-0: Called Strike 0-1: Foul Ball, location: 2F 0-2: Ball 1-2: Hit by Pitch
|
Batting: RHB Dave Wookey
|
0-0: Ball 1-0: Called Strike 1-1: Ball Dale Taylor is caught stealing 2nd base 2-1: Ball 3-1: Swinging Strike 3-2: Foul Ball, location: 2F 3-2: Strikes out swinging
|
Top of the 6th over - 0 run(s), 0 hit(s), 0 error(s), 0 left on base; Memphis 1 - New Hampshire 0 |
BOTTOM OF THE 6TH |
New Hampshire Fisher Cats batting - Pitching for Memphis Blues : RHP Paul Lewis
|
Batting: RHB Lu-fang Huie
|
0-0: Called Strike 0-1: Called Strike 0-2: SOLO HOME RUN (Flyball, 7D), Distance : 416 ft
|
Batting: RHB Matt Silver
|
0-0: Called Strike 0-1: Foul Ball, location: 2F 0-2: Fly out, F9 (Flyball, 89D)
|
Batting: LHB Sam Barnes
|
0-0: Called Strike 0-1: Ball 1-1: Ball 2-1: Ball 3-1: Base on Balls
|
Batting: RHB Roberto Peña
|
0-0: Ball 1-0: Called Strike 1-1: Called Strike 1-2: Ball 2-2: SINGLE (Popup, 8LS) Sam Barnes to second Runner from 2nd tries for 3rd, SAFE, throw made to third
|
Batting: RHB Phil Matthews
|
0-0: Fly out, F3 (Popup, 34S)
|
Batting: RHB Keith Ford
|
0-0: Ball 1-0: Foul Ball, location: 2F 1-1: Ball 2-1: Ball 3-1: Foul Ball, location: 2F 3-2: Foul Ball, location: 2F 3-2: Foul Ball, location: 2F 3-2: Foul Ball, location: 2F 3-2: Foul Ball, location: 2F 3-2: Base on Balls Roberto Peña to second
|
Batting: RHB Sadao Kimura
|
0-0: Foul Ball, location: 2F 0-1: Ground out 2-3 (Groundball, 2L)
|
Bottom of the 6th over - 1 run(s), 2 hit(s), 0 error(s), 3 left on base; Memphis 1 - New Hampshire 1 |
TOP OF THE 7TH |
Memphis Blues batting - Pitching for New Hampshire Fisher Cats : RHP Grady Connolly
|
Batting: LHB Arturo Rivera
|
0-0: Foul Ball, location: 2F 0-1: Fly out, F2 (Popup, 2RF)
|
Batting: RHB Dale O'Feennaghty
|
0-0: Swinging Strike 0-1: Called Strike 0-2: Strikes out swinging
|
Batting: RHB Jorge Fuentes
|
0-0: Called Strike 0-1: Ball 1-1: SINGLE (Groundball, 4MD)
|
Batting: LHB Kieran Farris
|
0-0: Ball 1-0: Ball Wild Pitch! Jorge Fuentes to second 2-0: Called Strike 2-1: Ball 3-1: Base on Balls
|
Batting: LHB Félix García
|
0-0: Ball 1-0: Foul Ball, location: 2F 1-1: Ball 2-1: Ball 3-1: Base on Balls Jorge Fuentes to third Kieran Farris to second
|
Pitching: RHP Ernesto Rivera
|
|
Batting: RHB Cal Keys
|
0-0: Ball 1-0: Foul Ball, location: 2F 1-1: Foul Ball, location: 2F 1-2: Strikes out swinging
|
Top of the 7th over - 0 run(s), 1 hit(s), 0 error(s), 3 left on base; Memphis 1 - New Hampshire 1 |
BOTTOM OF THE 7TH |
New Hampshire Fisher Cats batting - Pitching for Memphis Blues : RHP Paul Lewis
|
Pinch Hitting: LHB Gustavo Lozano
|
0-0: Called Strike 0-1: Ball 1-1: Ball 2-1: Fly out, F8 (Flyball, 8RM)
|
Batting: RHB Tony Reyes
|
0-0: Ball 1-0: Ground out 6-3 (Groundball, 6)
|
Batting: RHB Lu-fang Huie
|
0-0: Called Strike 0-1: Ball 1-1: Fly out, F7 (Flyball, 7M)
|
Bottom of the 7th over - 0 run(s), 0 hit(s), 0 error(s), 0 left on base; Memphis 1 - New Hampshire 1 |
TOP OF THE 8TH |
Memphis Blues batting - Pitching for New Hampshire Fisher Cats : RHP Ernesto Rivera
|
Now at 2B: José Hernández
|
|
Pinch Hitting: RHB Bob Orr
|
0-0: Ball 1-0: Foul Ball, location: 2F 1-1: Ball 2-1: Foul Ball, location: 2F 2-2: Foul Ball, location: 2F 2-2: Ball 3-2: Foul Ball, location: 2F 3-2: Base on Balls
|
Batting: RHB Dale Taylor
|
0-0: Ball 1-0: Sac Bunt - play at second, runner OUT! 1-6
|
Pinch Runner at 1st Peyton Pennington:
|
|
Batting: RHB Dave Wookey
|
0-0: Ball 1-0: Called Strike 1-1: Swinging Strike 1-2: Strikes out swinging
|
Batting: LHB Arturo Rivera
|
0-0: Ball 1-0: Called Strike 1-1: Ball 2-1: Ground out 4-3 (Groundball, 4S)
|
Top of the 8th over - 0 run(s), 0 hit(s), 0 error(s), 1 left on base; Memphis 1 - New Hampshire 1 |
BOTTOM OF THE 8TH |
New Hampshire Fisher Cats batting - Pitching for Memphis Blues : RHP Paul Lewis
|
Now at 1B: Peyton Pennington
|
|
Now at SS: Bob Orr
|
|
Pinch Hitting: RHB Anthony Hezell
|
0-0: Foul Ball, location: 2F 0-1: Ball 1-1: Ball 2-1: Ball 3-1: SINGLE (Groundball, 56D)
|
Pitching: RHP Randolph Weathersby
|
|
Batting: LHB Sam Barnes
|
0-0: Ball 1-0: Foul Ball, location: 2F 1-1: Ball 2-1: Foul Ball, location: 2F 2-2: Foul Ball, location: 2F 2-2: Foul Ball, location: 2F 2-2: Fielders Choice at 2nd, 6-4 (Groundball, 6)
|
Batting: RHB Roberto Peña
|
0-0: Called Strike 0-1: Ball 1-1: Ball 2-1: Ball 3-1: Grounds into double play, U4-3 (Groundball, 4)
|
Bottom of the 8th over - 0 run(s), 1 hit(s), 0 error(s), 0 left on base; Memphis 1 - New Hampshire 1 |
TOP OF THE 9TH |
Memphis Blues batting - Pitching for New Hampshire Fisher Cats : RHP Ernesto Rivera
|
Pitching: LHP Carlos Berru
|
|
Now at SS: Scott Briggs
|
|
Pinch Hitting: RHB Sadao Kato
|
0-0: Ball 1-0: Called Strike 1-1: Ball 2-1: Fly out, F9 (Flyball, 9M)
|
Batting: RHB Jorge Fuentes
|
0-0: Called Strike 0-1: Swinging Strike 0-2: Strikes out swinging
|
Pinch Hitting: RHB Jorge Comacho
|
0-0: Ground out 4-3 (Groundball, 4M)
|
Top of the 9th over - 0 run(s), 0 hit(s), 0 error(s), 0 left on base; Memphis 1 - New Hampshire 1 |
BOTTOM OF THE 9TH |
New Hampshire Fisher Cats batting - Pitching for Memphis Blues : RHP Randolph Weathersby
|
Now at C: Elliott Rucker
|
|
Now at 3B: Jorge Comacho
|
|
Batting: RHB Phil Matthews
|
0-0: Ball 1-0: Ground out 6-3 (Groundball, 6)
|
Batting: RHB Keith Ford
|
0-0: Ball 1-0: Called Strike 1-1: Called Strike 1-2: Fly out, F8 (Flyball, 8LXD)
|
Batting: RHB Sadao Kimura
|
0-0: Swinging Strike 0-1: Ball 1-1: Called Strike 1-2: Ball 2-2: Ball 3-2: Base on Balls
|
Batting: RHB José Hernández
|
0-0: Called Strike Sadao Kimura steals 2nd base 0-1: Ball 1-1: Ball 2-1: Ball 3-1: Base on Balls
|
Batting: RHB Tony Reyes
|
0-0: Ball 1-0: Called Strike 1-1: Reached on error, E4 (Groundball, 4) Sadao Kimura to third José Hernández to second
|
Batting: RHB Lu-fang Huie
|
0-0: Called Strike 0-1: Ball 1-1: Ball 2-1: Called Strike 2-2: Ball 3-2: Foul Ball, location: 2F 3-2: Foul Ball, location: 2F 3-2: Strikes out looking
|
Bottom of the 9th over - 0 run(s), 0 hit(s), 1 error(s), 3 left on base; Memphis 1 - New Hampshire 1 |
TOP OF THE 10TH |
Memphis Blues batting - Pitching for New Hampshire Fisher Cats : LHP Carlos Berru
|
Batting: LHB Félix García
|
0-0: Foul Ball, location: 2F 0-1: Foul Ball, location: 2F 0-2: Ball 1-2: Strikes out swinging
|
Batting: RHB Cal Keys
|
0-0: Ball 1-0: Ball 2-0: Ball 3-0: Called Strike 3-1: Called Strike 3-2: Foul Ball, location: 2F 3-2: Strikes out swinging
|
Batting: RHB Bob Orr
|
0-0: Called Strike 0-1: Called Strike 0-2: Ball 1-2: Strikes out looking
|
Top of the 10th over - 0 run(s), 0 hit(s), 0 error(s), 0 left on base; Memphis 1 - New Hampshire 1 |
BOTTOM OF THE 10TH |
New Hampshire Fisher Cats batting - Pitching for Memphis Blues : RHP Randolph Weathersby
|
Pitching: RHP Lorenzo Diéguez
|
|
Pinch Hitting: RHB Billy Campbell
|
0-0: Called Strike 0-1: Ball 1-1: Foul Ball, location: 2F 1-2: Fly out, F7 (Line Drive, 7M)
|
Batting: LHB Sam Barnes
|
0-0: Called Strike 0-1: Called Strike 0-2: Strikes out looking
|
Batting: RHB Roberto Peña
|
0-0: Ground out 5-3 (Groundball, 56S)
|
Bottom of the 10th over - 0 run(s), 0 hit(s), 0 error(s), 0 left on base; Memphis 1 - New Hampshire 1 |
TOP OF THE 11TH |
Memphis Blues batting - Pitching for New Hampshire Fisher Cats : LHP Carlos Berru
|
Pitching: RHP José Romano
|
|
Now at SS: Santiago Castro
|
|
Batting: RHB Peyton Pennington
|
0-0: Swinging Strike 0-1: Ground out 6-3 (Groundball, 6M)
|
Batting: RHB Dave Wookey
|
0-0: Ball 1-0: SINGLE (Groundball, 15S) (infield hit)
|
Batting: LHB Arturo Rivera
|
0-0: Ball Dave Wookey is caught stealing 2nd base 1-0: Swinging Strike 1-1: Called Strike 1-2: Strikes out swinging
|
Top of the 11th over - 0 run(s), 1 hit(s), 0 error(s), 0 left on base; Memphis 1 - New Hampshire 1 |
BOTTOM OF THE 11TH |
New Hampshire Fisher Cats batting - Pitching for Memphis Blues : RHP Lorenzo Diéguez
|
Batting: RHB Phil Matthews
|
0-0: Called Strike 0-1: Ball 1-1: Swinging Strike 1-2: Ball 2-2: Ball 3-2: Base on Balls
|
Batting: RHB Keith Ford
|
0-0: Called Strike 0-1: Foul Ball, location: 2F 0-2: Ball 1-2: Ball 2-2: SINGLE (Line Drive, 3D) Phil Matthews to second Runner from 2nd tries for 3rd, SAFE, no throw or cutoff
|
Batting: RHB Sadao Kimura
|
0-0: Called Strike 0-1: Fly out, F9 (Flyball, 89S)
|
Batting: RHB José Hernández
|
0-0: Ball 1-0: Foul Ball, location: 2F 1-1: Foul Ball, location: 2F 1-2: Ball 2-2: Ball 3-2: Fly out, F8 (Flyball, 8LM) Runner from 3rd tags up, SCORES, throw made
|
|